 Dungeon Crawl Stone Soup version 0.30.0-3-ga4e48a9924 (webtiles) character file.

Game seed: 9930003136797097375

214441 Twinkles the Warrior (level 18, -11/153 HPs)
             Began as a Merfolk Gladiator on May 6, 2023.
             Was a High Priest of Okawaru.
             Mangled by an ironbound preserver
             ... wielding a +0 great mace
              (17 damage)
             ... on level 1 of the Vaults on May 7, 2023.
             The game lasted 03:18:19 (47012 turns).

Twinkles the Warrior (Merfolk Gladiator)           Turns: 47012, Time: 03:18:20

Health: -11/153    AC: 17    Str:  9 (17) XL:     18   Next: 47%
Magic:  7/27       EV: 18    Int:  8 (15) God:    Okawaru [*****.]
Gold:   2531       SH:  6    Dex: 13 (22) Spells: 7/25 levels left

rFire   + . .        a - +2 double sword of Okawaru's Hope {elec, Int+6 Stlth+}
rCold   . . .        s - +2 buckler {rPois}
rNeg    . . .        W - +2 leather armour {Will+}
rPois   +            o - +0 helmet
rElec   .            x - +0 cloak {rCorr}
rCorr   +            p - +2 pair of gloves {Str+3}
SInv    .            g - +1 pair of boots {rampage}
Will    ++...        S - amulet of faith
Stlth   +++          u - +4 ring of slaying
HPRegen 0.45/turn    t - ring of protection from fire
MPRegen 0.20/turn

%: rampage, faith
@: ice-armoured, spewing sludge, slightly contaminated
A: (nimble swimmer 2), mertail, deterioration 1
}: 2/15 runes: decaying, gossamer
a: Renounce Religion, Heroism, Finesse, Duel


You were on level 1 of the Vaults.
You worshipped Okawaru.
Okawaru was extremely pleased with you.
You visited 8 branches of the dungeon, and saw 33 of its levels.
You also visited: Sewer and Bailey.

You collected 2961 gold pieces.
You spent 430 gold pieces at shops.

Inventory:

Hand Weapons
 a - the +2 double sword of Okawaru's Hope (weapon) {elec, Int+6 Stlth+}
   (Okawaru gifted it to you on level 12 of the Dungeon)

   Int:       It affects your intelligence (+6).
   Stlth:     It makes you more stealthy.
 b - the +10 quarterstaff "Haduttac" {freeze, rCorr SInv}
   (You found it on level 11 of the Dungeon)

   SInv:      It lets you see invisible.
   rCorr:     It protects you from acid and corrosion.
 r - a +5 scimitar of venom
Missiles
 e - 3 javelins
 f - 26 boomerangs
 h - a silver javelin
 m - 13 atropa-tipped darts
 n - 9 curare-tipped darts
 B - 8 throwing nets
 L - 5 silver boomerangs
 O - 21 poisoned darts
Armour
 g - a +1 pair of boots of rampaging (worn)
 o - a +0 helmet (worn)
 p - a +2 pair of gloves of strength (worn)
 s - a +2 buckler of poison resistance (worn)
 x - a +0 cloak of preservation (worn)
 z - the +4 robe of Augmentation {Str+4 Int+4 Dex+4}
   (You took it off an orc on level 9 of the Dungeon)

   Str:       It affects your strength (+4).
   Int:       It affects your intelligence (+4).
   Dex:       It affects your dexterity (+4).
 W - a +2 leather armour of willpower (worn)
Jewellery
 k - a ring of resist corrosion
 q - a ring of ice
 t - a ring of protection from fire (right hand)
 u - a +4 ring of slaying (left hand)
 w - a ring of protection from fire
 S - an amulet of faith (around neck)
Wands
 d - a wand of digging (3)
 i - a wand of iceblast (15)
 j - a wand of polymorph (6)
 y - a wand of mindburst (8)
Scrolls
 c - a scroll of poison
 D - 2 scrolls of blinking
 E - 3 scrolls of fear
 F - 5 scrolls of fog
 K - 4 scrolls of immolation
 V - 8 scrolls of vulnerability
 X - 5 scrolls of magic mapping
 Y - 10 scrolls of teleportation
 Z - 4 scrolls of enchant weapon
Potions
 A - 11 potions of attraction
 C - 7 potions of cancellation
 G - 12 potions of ambrosia
 H - 3 potions of haste
 I - 2 potions of invisibility
 J - 6 potions of curing
 M - 5 potions of might
 N - 6 potions of heal wounds
 P - 4 potions of lignification
 Q - 4 potions of magic
 R - 4 potions of resistance
 T - a potion of berserk rage
 U - 5 potions of mutation
Miscellaneous
 l - a condenser vane
 v - a lightning rod (4/4)


   Skills:
 + Level 16.8 Fighting
 - Level 15.7 Long Blades
 - Level 3.6 Throwing
 - Level 4.3 Armour
 - Level 16.4 Dodging
 - Level 4.6 Stealth
 - Level 3.0 Shields
 + Level 4.2 Spellcasting
 + Level 16.0 Transmutations
 - Level 6.2 Ice Magic
 + Level 3.2 Earth Magic
 - Level 12.9 Poison Magic
 - Level 13.0 Invocations


You had 7 spell levels left.
You knew the following spells:

 Your Spells              Type           Power      Damage    Failure   Level
a - Frozen Ramparts       Ice            22%        1d4       14%         3
b - Ozocubu's Armour      Ice            11%        N/A       14%         3
c - Eringya's Noxious Bo  Tmut/Pois      12%        N/A       24%         6
d - Statue Form           Tmut/Erth      11%        N/A       86%         6

Your spell library contained the following spells:

 Spells                   Type           Power      Damage    Failure   Level
 Passwall                 Tmut/Erth      14%        N/A       1%          2
 Spider Form              Tmut/Pois      24%        N/A       1%          3
 Blade Hands              Tmut           13%        N/A       2%          5
 Ignite Poison            Fire/Tmut/Pois 17%        N/A       3%          3
 Freeze                   Ice            44%        1d6       4%          1
 Ice Form                 Ice/Tmut       19%        N/A       6%          4
 Petrify                  Tmut/Erth      17%        N/A       11%         4
 Sandblast                Erth           12%        2d6       16%         1
 Cigotuvi's Dreadful Rot  Necr/Pois/Air  16%        N/A       16%         2
 Ensorcelled Hibernation  Hex/Ice        12%        N/A       24%         2
 Hailstorm                Conj/Ice       6%         3d4       43%         3
 Kiss of Death            Conj/Necr      4%         2d5       52%         1
 Irradiate                Conj/Tmut      7%         3d14      52%         5
 Dragon Form              Tmut           13%        N/A       56%         7
 Lesser Beckoning         Tloc           2%         N/A       65%         2
 Momentum Strike          Conj/Tloc      2%         3d8       65%         2
 Sublimation of Blood     Necr           1%         N/A       65%         2
 Stone Arrow              Conj/Erth      8%         3d7       67%         3
 Confusing Touch          Hex            1%         N/A       87%         3
 Swiftness                Air            1%         N/A       87%         3
 Vhi's Electric Charge    Tloc/Air       2%         N/A       87%         3
 Leda's Liquefaction      Hex/Erth       2%         N/A       97%         4
 Anguish                  Hex/Necr       0%         N/A       99%         4
 Dispel Undead            Necr           1%         3d6       99%         4
 Manifold Assault         Tloc           1%         N/A       99%         4
 Sticky Flame             Conj/Fire      1%         2d3       99%         4
 Lee's Rapid Deconstruct  Erth           3%         3d5*      99%         5
 Metabolic Englaciation   Hex/Ice        3%         N/A       99%         5
 Arcjolt                  Conj/Air       0%         1d10      100%        5
 Borgnjor's Vile Clutch   Necr/Erth      2%         N/A       100%        5
 Plasma Beam              Fire/Air       0%         2x1d11    100%        6
 Enfeeble                 Hex            0%         N/A       100%        7
 Orb of Destruction       Conj           0%         9d5       100%        7
 Ignition                 Fire           0%         3d3       100%        8
 Summon Guardian Golem    Hex/Summ       Unusable   N/A       N/A         3
 Animate Dead             Necr           Unusable   N/A       N/A         4
 Summon Forest            Summ/Tloc      Unusable   N/A       N/A         5
 Death Channel            Necr           Unusable   N/A       N/A         6
 Simulacrum               Ice/Necr       Unusable   N/A       N/A         6
 Spellforged Servitor     Conj/Summ      Unusable   N/A       N/A         7
 Summon Hydra             Summ           Unusable   N/A       N/A         7

Dungeon Overview and Level Annotations

Branches:
Dungeon (15/15) Zot: 23359  Temple (1/1) D:5 Zot: 5742    Lair (5/5) D:10 Zot: 21294
  Swamp (4/4) Lair:3 Zot: 18772  Spider (4/4) Lair:3 Zot: 16567   Slime (0/5) Lair:4
    Orc (2/2) D:9 Zot: 9495     Elf (1/3) Orc:2 Zot: 4182  Vaults (1/5) D:14 Zot: 5927
 Depths (0/4) D:15          Sewer (visited)          Bailey (visited)

Altars:
Ashenzari
Cheibriados
Dithmenos
Elyvilon
Fedhas
Gozag
Hepliaklqana
Kikubaaqudgha
Makhleb
Nemelex Xobeh
Okawaru
Qazlal
Ru
Sif Muna
Trog
Uskayaw
Vehumet
Wu Jian
Xom
Yredelemnul
Zin
The Shining One
Jiyva

Shops:
D:6 ?   D:9 [   D:12 :   Orc:2 [=(*   Elf:1 [

Annotations:
D:2 1 runed translucent door, Crazy Yiuf
D:14 exclusion: obsidian statue
D:15 3 runed translucent doors
Lair:1 2 transporters, Vew Pil's ghost, journeyman DrTm
Lair:4 Rupert
Swamp:2 2 runed translucent doors, Frances; Vudadgh's ghost, adept HuWr
Swamp:3 1 runed translucent door, suomimenusko's ghost, adept NaFi
Spider:4 1 runed translucent door, Jase's ghost, adept DECj
Elf:1 4 runed translucent doors, exclusion: 4 doors, Roxanne


Innate Abilities, Weirdness & Mutations

((You are very nimble when in or above water. (Stealth+, EV+, Speed+++)))
Your lower body shifts to a powerful aquatic tail in water.
Your body sometimes deteriorates upon taking damage.


Message History

Casting: Eringya's Noxious Bog (dangerous; 24% risk of failure)
Confirm with . or Enter, or press ? or * to list all spells.
Casting: Eringya's Noxious Bog (dangerous; 24% risk of failure)
Press: ? - help, Dir - look around, f - activate You miscast Eringya's Noxious Bog.
You are lightly contaminated with residual magic.
Nothing appears to happen.
The ironbound preserver barely misses you.
The dire elephant closely misses you. x2
The ironbound frostheart closely misses you.
Casting: Eringya's Noxious Bog (dangerous; 24% risk of failure)
Confirm with . or Enter, or press ? or * to list all spells.
Casting: Eringya's Noxious Bog (dangerous; 24% risk of failure)
Press: ? - help, Dir - look around, f - activate You spew toxic sludge!
The ice encasing you melts away.
The dire elephant festers in the toxic bog!!
The dire elephant looks as sick as possible!
The dire elephant tramples you but does no damage.
The dire elephant becomes momentarily stuck in the toxic bog.
The ironbound preserver festers in the toxic bog!
The ironbound preserver looks as sick as possible!
The ironbound preserver hits you but does no damage.
The ironbound frostheart festers in the toxic bog!
The ironbound frostheart looks as sick as possible!
The ironbound frostheart misses you.
You slash the dire elephant!
Lightning courses through the dire elephant!!
You kill the dire elephant!
Okawaru accepts your kill.
The ironbound frostheart festers in the toxic bog!
The ironbound frostheart looks as sick as possible!
The ironbound frostheart touches you!
* * * LOW HITPOINT WARNING * * *
The ironbound frostheart freezes you!!
* * * LOW HITPOINT WARNING * * *
The ironbound preserver festers in the toxic bog!
The ironbound preserver looks as sick as possible!
The ironbound preserver hits you with a +0 great mace!
You die...

########
#......#
#.~~~~.+
#.~~~~.#
#.~~~~.#
#.~~~p.#
#.~~~†@#
#.~~~p.#
#.~~~~.#
#......#
######'#######
#............#
#.......#.#p.#
#.##$##)# # #
## :.[


You could see an ironbound preserver (extremely poisoned) and an ironbound
frostheart (extremely poisoned).

Vanquished Creatures
  the Lernaean hydra (Swamp:4)
  Gastronok (D:9)
  A fenstrider witch (Swamp:3)
  A deep elf sorcerer (Arena)
  4 emperor scorpions
  Louise (Spider:1)
  8 ghost moths
  An orc warlord (Orc:2)
  An ironbound preserver (D:14)
  A broodmother (Spider:4)
  A deep elf demonologist (Elf:1)
  3 eleionomae (Swamp:3)
  3 bunyips
  A spark wasp (Spider:4)
  A dire elephant (Vaults:1)
  A shambling mangrove (Swamp:1)
  2 entropy weavers
  16 hydras
  A vault guard (D:14)
  Harold (D:11)
  5 centaur warriors
  11 alligators
  A jorogumo (Spider:3)
  7 boulder beetles
  2 two-headed ogres
  4 dancing weapons
  2 radroaches
  3 tengu warriors
  3 death yaks (Lair:5)
  4 orc high priests
  5 deep elf knights
  6 pharaoh ants
  2 skeletal warriors
  2 sun moths
  A skyshark (Lair:5)
  3 goliath frogs
  A flayed ghost (D:15)
  A spriggan druid (Swamp:3)
  5 deep elf archers (Elf:1)
  3 bog bodies
  3 lindwurms (Vaults:1)
  6 orb spiders
  14 swamp dragons
  5 steelbarb worms
  A necromancer (D:15)
  3 orc knights (Orc:2)
  A harpy (Vaults:1)
  10 deep elf zephyrmancers
  10 deep elf pyromancers
  A stone giant zombie (D:15)
  4 cyclopes
  2 orc sorcerers (Orc:2)
  15 wolf spiders
  8 ugly things
  2 manticores (D:14)
  3 will-o-the-wisps
  5 moths of wrath
  A fire giant skeleton (D:15)
  Joseph (D:10)
  Maurice (D:8)
  7 elephants
  2 black mambas
  5 torpor snails
  5 demonic crawlers
  4 gargoyles
  14 cane toads
  Maggie (D:7)
  2 kobold demonologists
  11 komodo dragons
  5 unseen horror zombies (D:8)
  2 spriggan skeletons (D:15)
  An efreet (D:14)
  3 rime drakes
  6 meliai (D:15)
  5 trolls
  26 tarantellas
  9 polar bears (Lair:5)
  8 tyrant leeches
  8 hornets
  5 dream sheep (Lair:5)
  8 blink frogs
  2 raiju (Lair:5)
  30 jumping spiders
  8 slime creatures
  5 wraiths
  42 yaks
  A centaur simulacrum (D:15)
  A water elemental (Elf:1)
  A wyvern (shapeshifter) (D:15)
  4 vampires
  11 culicivoras
  14 spriggans
  2 wyverns
  A shadow (D:10)
  2 steam dragons
  45 redbacks
  4 basilisks
  10 wargs
  Menkaure (D:3)
  12 vampire mosquitoes
  An acid dragon (D:13)
  13 swamp worms
  15 hell hounds (Lair:5)
  18 water moccasins
  7 swamp drakes (Swamp:4)
  12 black bears
  30 orc warriors
  A hornet zombie (D:8)
  3 ogres (Orc:2)
  25 wolves
  15 centaurs
  A kobold brigand (Sewer)
  Blork the orc (D:6)
  2 wyvern zombies (D:8)
  9 bullfrogs
  A gnoll sergeant (D:11)
  2 scorpions
  17 wights
  8 killer bees (D:9)
  10 vampire bats (Bailey)
  5 wolf zombies (Bailey)
  An electric eel (D:8)
  6 howler monkeys
  3 centaur zombies (D:8)
  2 hounds
  7 jellies
  12 orc priests
  A sleepcap (D:5)
  3 iguanas
  9 orc wizards
  4 killer bee zombies (D:8)
  7 gnolls
  23 orc zombies (Bailey)
  11 adders
  A shadow imp (D:8)
  A white imp (D:6)
  2 ufetubi (D:4)
  2 worms
  2 dart slugs
  35 orcs
  4 ball pythons
  9 endoplasms
  7 giant cockroaches
  7 goblins
  4 hobgoblins
  5 jackals
  7 quokkas
  8 bats
  4 frilled lizards
  18 kobolds
  10 rats
  A spectral kobold (D:7)
962 creatures vanquished.

Vanquished Creatures (others)
  An unseen horror (shapeshifter) (D:15)
  An orc warrior (Orc:2)
  6 bushes
  6 foxfires
  62 fungi
  53 plants
  21 withered plants
150 creatures vanquished.

Grand Total: 1112 creatures vanquished

Notes
Turn   | Place    | Note
-------+----------+-------------------------------------------
     0 | D:1      | Twinkles the Merfolk Gladiator began the quest for the Orb.
     0 | D:1      | Reached XP level 1. HP: 16/16 MP: 1/1
   270 | D:1      | Reached XP level 2. HP: 23/23 MP: 2/2
   595 | D:1      | Found a faded altar of an unknown god.
  1166 | D:2      | Reached XP level 3. HP: 28/28 MP: 3/3
  1365 | D:2      | Found a runed translucent door.
  1366 | D:2      | Noticed Crazy Yiuf
  1654 | D:2      | Reached XP level 4. HP: 33/34 MP: 4/4
  1966 | D:2      | HP: 10/35 [poisoned by an adder]
  2530 | D:3      | Reached skill level 5 in Dodging
  2774 | D:4      | Reached XP level 5. HP: 25/41 MP: 5/5
  2929 | D:4      | Noticed Menkaure
  2938 | D:3      | Killed Menkaure
  2939 | D:3      | Reached skill level 5 in Long Blades
  2939 | D:3      | Reached XP level 6. HP: 23/48 MP: 6/6
  3131 | D:4      | Found a glowing drain.
  3166 | Sewer    | Entered a sewer
  3269 | Sewer    | Reached skill level 1 in Stealth
  3538 | D:4      | Reached XP level 7. HP: 49/55 MP: 7/7
  3988 | D:5      | Entered Level 5 of the Dungeon
  4366 | D:5      | Reached skill level 5 in Fighting
  4920 | D:5      | Reached XP level 8. HP: 62/62 MP: 8/8
  5239 | D:5      | Found a staircase to the Ecumenical Temple.
  5262 | Temple   | Entered the Ecumenical Temple
  5465 | Temple   | Became a worshipper of Warmaster Okawaru
  5696 | D:6      | Got the Handbook of the Evolving Compass
  5778 | D:6      | Noticed Blork the orc
  5809 | D:6      | Killed Blork the orc
  5815 | D:6      | Reached * piety under Okawaru
  5975 | D:6      | Identified the +0 war axe of Psychosis {heavy, Dex+3}
  6111 | D:6      | Found a glowing golden altar of the Shining One.
  6289 | D:6      | Found Geqode's Magic Scroll Shop.
  6295 | D:6      | Bought a scroll of blinking for 97 gold pieces
  6507 | D:7      | Reached skill level 1 in Invocations
  6710 | D:7      | Noticed Maggie
  7156 | D:6      | Reached XP level 9. HP: 63/70 MP: 7/10
  7737 | D:7      | Found a hazy altar of Hepliaklqana.
  8070 | D:8      | Found a shadowy altar of Dithmenos.
  8209 | D:8      | Found a flagged portal.
  8227 | Bailey   | Entered a bailey
  8413 | Bailey   | Reached ** piety under Okawaru
  8487 | Bailey   | Noticed a gargoyle
  8913 | Bailey   | Killed a gargoyle
  8928 | Bailey   | Reached XP level 10. HP: 48/80 MP: 13/13
  9025 | Bailey   | Identified the +0 leather armour "Vatim" {rF- rC++ rN+
                  | Str+2}
  9029 | Bailey   | Identified the +1 shortbow of Certain Death {drain, Fly
                  | rElec}
  9101 | D:8      | Reached skill level 10 in Dodging
  9135 | D:8      | Reached skill level 5 in Invocations
  9418 | D:8      | Reached *** piety under Okawaru
  9480 | D:8      | Noticed Maurice
  9799 | D:8      | Reached **** piety under Okawaru
  9800 | D:8      | Reached skill level 10 in Long Blades
 10338 | D:8      | Killed Maurice
 10339 | D:8      | Reached XP level 11. HP: 89/89 MP: 8/16
 10603 | D:8      | Found a bloodstained altar of Trog.
 10603 | D:8      | Found a radiant altar of Vehumet.
 10949 | D:9      | Noticed Gastronok
 10963 | D:9      | Killed Gastronok
 11423 | D:9      | Reached skill level 10 in Fighting
 11608 | D:9      | Found Rofeust's Armour Emporium.
 11612 | D:9      | Found a staircase to the Orcish Mines.
 11790 | D:9      | Bought a +0 pair of boots of rampaging for 149 gold pieces
 12897 | D:7      | Killed Maggie
 12960 | D:10     | Entered Level 10 of the Dungeon
 12966 | D:10     | Identified the +1 robe of Kiptum {rF+}
 13359 | D:10     | Noticed Joseph
 13592 | D:10     | Found a staircase to the Lair.
 13734 | D:10     | Killed Joseph
 13735 | D:10     | Reached skill level 1 in Ice Magic
 13750 | Lair:1   | Entered Level 1 of the Lair of Beasts
 14173 | Lair:1   | Noticed Vew Pil's ghost (journeyman DrTm)
 14174 | Lair:1   | Found a transporter.
 14179 | Lair:1   | Found a transporter.
 14354 | Lair:1   | Reached XP level 12. HP: 91/99 MP: 18/18
 14359 | Lair:1   | Reached ***** piety under Okawaru
 15087 | Lair:2   | Learned a level 3 spell: Frozen Ramparts
 15091 | Lair:2   | Learned a level 3 spell: Ozocubu's Armour
 15696 | Lair:2   | Reached skill level 5 in Ice Magic
 16027 | Lair:3   | Found a staircase to the Swamp.
 17597 | Lair:3   | Identified the +3 chain mail "Piuc Vet" {Rampage} (Okawaru
                  | gifted it to you on level 3 of the Lair of Beasts)
 17597 | Lair:3   | Received a gift from Okawaru
 17721 | Lair:3   | Found a hole to the Spider Nest.
 17726 | Lair:3   | Reached XP level 13. HP: 92/108 MP: 19/19
 18170 | Lair:4   | Found a staircase to the Slime Pits.
 18178 | Lair:4   | Found a viscous altar of Jiyva.
 18407 | Lair:4   | Noticed Rupert
 18609 | Lair:4   | Reached skill level 1 in Armour
 18776 | Lair:5   | Entered Level 5 of the Lair of Beasts
 19186 | Lair:5   | Reached skill level 10 in Invocations
 19991 | Lair:5   | Received a gift from Okawaru
 20313 | Lair:5   | Reached XP level 14. HP: 118/118 MP: 18/22
 22433 | D:11     | Noticed Harold
 22448 | D:11     | Killed Harold
 22644 | D:11     | Identified the +10 quarterstaff "Haduttac" {freeze, rCorr
                  | SInv}
 23004 | D:11     | Found a sacrificial altar of Ru.
 23510 | D:12     | Identified the +2 double sword of Okawaru's Hope {elec,
                  | Int+6 Stlth+} (Okawaru gifted it to you on level 12 of the
                  | Dungeon)
 23510 | D:12     | Received a gift from Okawaru
 23624 | D:12     | Reached skill level 15 in Dodging
 23780 | D:12     | Found Etyotiov's Book Boutique.
 24642 | D:13     | Identified the +0 leather armour of Precision Catastrophes
                  | {rC+ Str+4}
 25079 | D:14     | Reached ****** piety under Okawaru
 25089 | D:14     | You fall into a shaft and drop 1 floor!
 25089 | D:15     | Entered Level 15 of the Dungeon
 25568 | D:15     | Received a gift from Okawaru
 25576 | D:15     | Reached skill level 15 in Long Blades
 25980 | D:15     | Found a staircase to the Depths.
 26008 | D:15     | Reached XP level 15. HP: 126/127 MP: 24/24
 26039 | D:15     | Got the Handbook of Disjunct Cryomancy
 26848 | D:15     | Found a runed translucent gate.
 26849 | D:15     | Found a runed translucent gate.
 26849 | D:15     | Found a runed translucent gate.
 27115 | D:14     | Identified the +1 leather armour of the Endless Expanse
                  | {Rampage rC+ Str-3 Int+3}
 27405 | D:14     | Reached skill level 15 in Fighting
 27420 | D:14     | Received a gift from Okawaru
 27677 | D:14     | Found a gate to the Vaults.
 28058 | Swamp:1  | Entered Level 1 of the Swamp
 28260 | Swamp:1  | Reached skill level 1 in Shields
 28788 | Swamp:2  | Reached skill level 1 in Transmutations
 28854 | Swamp:2  | Reached skill level 1 in Poison Magic
 28898 | Swamp:2  | Noticed Frances
 28943 | Swamp:2  | Found a large runed translucent door.
 28944 | Swamp:2  | Found a large runed translucent door.
 28945 | Swamp:2  | Noticed Vudadgh's ghost (adept HuWr)
 29555 | Swamp:2  | Received a gift from Okawaru
 29695 | Swamp:3  | Noticed a fenstrider witch
 29703 | Swamp:3  | Killed a fenstrider witch
 30098 | Swamp:3  | Found a shimmering altar of Xom.
 30227 | Swamp:3  | Received a gift from Okawaru
 30330 | Swamp:3  | Found a runed translucent door.
 30457 | Swamp:3  | Reached skill level 5 in Transmutations
 30508 | Swamp:3  | Reached XP level 16. HP: 137/137 MP: 25/25
 30647 | Swamp:3  | Reached skill level 5 in Poison Magic
 30763 | Swamp:3  | Identified the +4 trident "Killer Bee's Regret" {spect,
                  | rElec rPois Str+2 Dex+2}
 30814 | Swamp:3  | Noticed a tentacled monstrosity
 30899 | Swamp:3  | Noticed suomimenusko's ghost (adept NaFi)
 30917 | Swamp:4  | Entered Level 4 of the Swamp
 31007 | Swamp:3  | HP: 27/138 [tyrant leech (30)]
 31287 | Swamp:4  | Received a gift from Okawaru
 31989 | Swamp:4  | Noticed the 27-headed Lernaean hydra
 32369 | Swamp:3  | HP: 41/138 [poisoned by a swamp dragon (poison gas)]
 33087 | Swamp:4  | HP: 35/138 [the 27-headed Lernaean hydra (7)]
 33091 | Swamp:4  | Killed the 27-headed Lernaean hydra
 33634 | Swamp:4  | Got a decaying rune of Zot
 33696 | Swamp:4  | Learned a level 6 spell: Eringya's Noxious Bog
 33979 | Vaults:1 | Entered Level 1 of the Vaults
 34036 | Vaults:1 | HP: 39/138 [ironbound frostheart/creeping frost (31)]
 34399 | Orc:1    | Entered Level 1 of the Orcish Mines
 34412 | Orc:1    | Reached skill level 10 in Transmutations
 34827 | Orc:2    | Entered Level 2 of the Orcish Mines
 34829 | Orc:2    | Found Bubisixa's Antique Weapon Shoppe.
 35073 | Orc:2    | Found Kuejobb's Antique Armour Shop.
 35335 | Orc:2    | Paralysed by an orc sorcerer for 2 turns
 35603 | Orc:2    | Found Meomyneu's General Store.
 35770 | Orc:2    | Found Minios's Jewellery Shoppe.
 35832 | Orc:2    | Received a gift from Okawaru
 35984 | Orc:2    | Found a staircase to the Elven Halls.
 36346 | Elf:1    | Entered Level 1 of the Elven Halls
 36346 | Elf:1    | Found a runed translucent gate.
 36346 | Elf:1    | Found a runed translucent gate.
 36346 | Elf:1    | Found a runed translucent gate.
 36346 | Elf:1    | Found a runed translucent gate.
 36346 | Elf:1    | Found a runed translucent gate.
 36346 | Elf:1    | Found a runed translucent gate.
 36347 | Elf:1    | Found a runed translucent door.
 36422 | Elf:1    | Received a gift from Okawaru
 36430 | Elf:1    | Reached XP level 17. HP: 117/144 MP: 26/26
 36530 | Elf:1    | Received a gift from Okawaru
 36565 | Elf:1    | Reached skill level 10 in Poison Magic
 36691 | Elf:1    | Noticed Roxanne
 37107 | Elf:1    | Found a runed translucent door.
 37243 | Elf:1    | Found Iheat's Armour Boutique.
 37249 | Elf:1    | Bought a +0 pair of gloves of stealth for 184 gold pieces
 37305 | Elf:1    | Received a gift from Okawaru
 37729 | Elf:1    | HP: 33/144 [deep elf sorcerer/bolt of acid (11)]
 37730 | Arena    | Entered the Arena
 37758 | Elf:1    | HP: 42/144 [deep elf knight/lance of force (5)]
 37766 | Elf:1    | HP: 23/144 [+2 trident of venom (12)]
 37768 | Elf:1    | HP: 7/144 [deep elf zephyrmancer/bolt of lightning (17)]
 39052 | Spider:1 | Entered Level 1 of the Spider Nest
 39221 | Spider:1 | Noticed Louise
 39266 | Spider:1 | Killed Louise
 39410 | Spider:1 | Identified the +1 robe of Coerabah {+Inv Int+3 Dex-3}
 40055 | Spider:2 | Received a gift from Okawaru
 40558 | Spider:2 | Identified the +1 scale mail of the Dragon {Rampage rC+
                  | Int+5} (Okawaru gifted it to you on level 2 of the Spider
                  | Nest)
 40558 | Spider:2 | Received a gift from Okawaru
 41609 | Spider:2 | Gained mutation: Your body sometimes deteriorates upon
                  | taking damage. [mutagenic glow]
 42158 | Spider:3 | Reached skill level 1 in Spellcasting
 42588 | Spider:3 | Reached skill level 15 in Transmutations
 43102 | Spider:2 | Reached XP level 18. HP: 113/151 MP: 24/27
 43933 | Spider:3 | Reached skill level 1 in Earth Magic
 44125 | Spider:4 | Entered Level 4 of the Spider Nest
 44194 | Spider:4 | Received a gift from Okawaru
 44195 | Spider:4 | Found the +15 Maxwell's patent armour {-Cast -Tele rElec
                  | Will+ rCorr}
 44473 | Spider:4 | Found a runed translucent door.
 44473 | Spider:4 | Noticed Jase's ghost (adept DECj)
 45825 | Spider:4 | HP: 41/153 [broodmother (17)]
 46146 | Spider:4 | Got a gossamer rune of Zot
 46532 | Spider:4 | Learned a level 6 spell: Statue Form
 46683 | Lair:3   | Upgraded the game from 0.30.0 to 0.30.0-3-ga4e48a9924
 47008 | Vaults:1 | HP: 25/153 [ironbound frostheart/creeping frost (27)]
 47012 | Vaults:1 | HP: 6/153 [ironbound frostheart (28)]
 47012 | Vaults:1 | Mangled by an ironbound preserver

Illustrated notes

Levels and vault maps discovered:
D:1:      lightli_arrival_chessboard, layout_loops_corners,
          dilly_ecumenical_altar_fadedgnrine,
          wander_ebering_terrifying_dragon_lair
D:2:      layout_loops_corners, uniq_crazy_yiuf_cottage
D:3:      layout_rooms
D:4:      layout_loops_ring, gup_sewer_entry_pipe, uniq_menkaure
D:5:      layout_loops_ring, temple_hall
D:6:      wander_river, layout_loops_ring, mainiacjoe_overflow_alcove_4,
          serial_shops, shop, uniq_blork_the_orc
D:7:      layout_basic, nicolae_hepliaklqana_monster_ancestors, uniq_maggie
D:8:      layout_basic, nicolae_overflow_two_pavilions,
          nicolae_dithmenos_the_darkroom, enter_bailey_8, serial_undead,
          serial_undead_f, serial_undead_d, serial_undead_f, serial_undead_b,
          serial_undead_b, serial_undead_e, serial_undead_c, serial_undead_f,
          serial_undead_d, serial_undead_b, uniq_maurice
D:9:      layout_rooms, orc_david_3, uniq_gastronok
D:10:     layout_basic, lair_entry_dummy, uniq_joseph
D:11:     layout_irregular_city, nicolae_ru_path_of_blood, uniq_harold
D:12:     layout_gridville, serial_shops, shop, dk_vineyard_2,
          grunt_ministairs_11, st_stairs_5
D:13:     layout_rooms
D:14:     layout_rooms, david_vaults_5, minmay_staircase_windowed_large,
          minivault_16
D:15:     gammafunk_depths_entry_grave, layout_stronghold,
          ploomutoo_gammafunk_ghost_potion_laboratory
Temple:   minmay_crystal_spiral_temple
Lair:1:   layout_cave_pods, gammafunk_ghost_hive, serial_bayou_shore_b,
          serial_bayou_shore_b
Lair:2:   layout_gridlike, serial_bayou_pond_e, minivault_23,
          beast_lair_carwin_2
Lair:3:   layout_cave_pods, skrybe_swamp_entry_bodies,
          spider_nest_entry_funnel_web, nicolae_quartered_pool_impasse
Lair:4:   nzn_motion_control, layout_cave_pods, nicolae_slime_entry_field_trip,
          minmay_hedge_maze, grunt_forest_large_clearing_hut, uniq_rupert
Lair:5:   hangedman_lair_caniforms_friends, layout_cave_pods
Swamp:1:  nicolae_swamp_secret_spriggan_hideout, layout_basic_swamp,
          serial_swamp_ruin, hangedman_swamp_ruin_wall,
          evilmike_swamp_ruin_house_1, evilmike_swamp_ruin_rubble_1, swamp_pool4
Swamp:2:  layout_basic_swamp, ebering_ghost_disaster_area,
          nicolae_swamp_triple_paths, uniq_frances
Swamp:3:  layout_basic_swamp, ebering_ghost_funeral_grove,
          nicolae_swamp_godswood
Swamp:4:  swamp_old_school, layout_basic_swamp, infiniplex_staircase_pool_2
Spider:1: layout_spider_delve, nicolae_spider_not_touching_you, uniq_louise
Spider:2: layout_chambers, spiders_nest_hornet_nest
Spider:3: layout_spider_delve, spiders_nest_ghost_moth_duel
Spider:4: grunt_spider_rune_parallel, gammafunk_ghost_grave
Orc:1:    layout_caves
Orc:2:    grunt_orc_gardens, layout_caves, grunt_orc_garden, grunt_orc_garden,
          grunt_orc_garden, grunt_orc_garden
Elf:1:    nicolae_elf_arrival_dilemma, layout_onion_city, serial_shops,
          nicolae_shop_pleasant_corner_grove, minmay_elf_demonology,
          uniq_roxanne
Vaults:1: ontoclasm_vaults_claustrophobia, v_rooms_3, vaults_mumra_chevron,
          hangedman_vaults_locks, vaults_room_pools,
          nicolae_vaults_border_crossing, nicolae_vaults_closet_pinwheel_5,
          nicolae_vaults_wrenched, v_alt_pattern_6,
          nicolae_vaults_trapezoid_layered, nicolae_vaults_storage_room_statues,
          nicolae_vaults_shelves_hall, nicolae_vaults_surprise_closet_hard,
          layout_vaults_omnibox, serial_shops, shop, shop, uniq_zenata,
          uniq_asterion

Skill      XL: |  1  2  3  4  5  6  7  8  9 10 11 12 13 14 15 16 17 18 |
---------------+-------------------------------------------------------+-----
Long Blades    | 4 5 6 7 9 10 11 13 15 | 15.7
Fighting       | 3 4 5 6 8 9 10 12 13 14 15 16 | 16.8
Dodging        | 5 6 7 8 9 11 13 14 15 16 | 16.4
Throwing       | 3 |  3.6
Stealth        | 1 3 4 |  4.6
Invocations    | 1 4 6 8 10 12 13 | 13.0
Ice Magic      | 2 6 |  6.2
Armour         | 3 4 |  4.3
Shields        | 3 |  3.0
Transmutations | 5 11 15 16 | 16.0
Poison Magic   | 4 9 12 | 12.9
Spellcasting   | 1 4 |  4.2
Earth Magic    | 3 |  3.2

Action                     |  1- 3 |  4- 6 |  7- 9 | 10-12 | 13-15 | 16-18 || total
---------------------------+-------+-------+-------+-------+-------+-------++-------
  Melee: Long sword        |    81 |   117 |   180 |   639 |   408 |       ||  1425
         Punch             |     1 |       |     8 |    14 |    15 |       ||    38
         Dagger            |       |    11 |   248 |       |    24 |       ||   283
         Tailslap          |       |     2 |     4 |       |    18 |    42 ||    66
         Triple sword      |       |       |       |       |    68 |       ||    68
         Scimitar          |       |       |       |       |   132 |   465 ||   597
         Double sword      |       |       |       |       |   352 |   607 ||   959
         Quarterstaff      |       |       |       |       |    10 |     9 ||    19
   Fire: Sling             |       |    58 |       |       |     1 |       ||    59
  Throw: Javelin           |       |       |     5 |       |     1 |       ||     6
         Dart              |       |       |     1 |     6 |     5 |     1 ||    13
         Boomerang         |       |       |       |     5 |    10 |     4 ||    19
   Cast: Frozen Ramparts   |       |       |       |       |    38 |    12 ||    50
         Ozocubu's Armour  |       |       |       |       |    29 |    19 ||    48
         Eringya's Noxious |       |       |       |       |       |    38 ||    38
 Invoke: Heroism           |       |       |     3 |    12 |    32 |    23 ||    70
         Finesse           |       |       |       |     4 |     4 |     2 ||    10
         Duel              |       |       |       |       |       |     1 ||     1
  Evoke: Wand              |       |       |       |     2 |       |     6 ||     8
         Lightning rod     |       |       |       |       |     2 |     7 ||     9
    Use: Scroll            |       |     6 |     6 |     2 |    13 |     5 ||    32
         Potion            |       |       |     1 |       |       |    14 ||    15
   Stab: Sleeping          |       |     3 |    17 |     9 |    21 |    20 ||    70
         Distracted        |       |       |       |     4 |     6 |    11 ||    21
 Armour: Ring mail         |    34 |    43 |    47 |       |       |       ||   124
         Steam dragon scal |       |       |    66 |    97 |       |       ||   163
         Robe              |       |       |       |    59 |   155 |   242 ||   456
         Leather armour    |       |       |       |       |       |     9 ||     9
  Dodge: Dodged            |    55 |   105 |   390 |   746 |  1201 |  1297 ||  3794
  Block: Buckler           |       |       |       |       |    78 |   507 ||   585
